Match 42747978
Unlisted

Match 42747978
End
Selects Italian Coastal Battlegroup
Selects Coastal Reserves
Coastal Reserve
Construct Infanterie Kompanie
Coastal Reserve
Coastal Reserve
MG 42 Bunker
Medical Bunker
Selects Support Bunkers
Construct Panzergrenadier Kompanie
Selects Designated Artillery Overwatch
MG 42 Bunker
Designated Artillery Overwatch
Pak 40 Anti-tank Gun Team
Anti-tank Bunker
Support Elements
MG 42 Bunker
Designated Artillery Overwatch
Construct Panzer Kompanie
Selects Bulwark
MG 42 Bunker
Selects Artillery Officer
MG 42 Bunker
Pak 40 Anti-tank Gun Team
Pak 40 Anti-tank Gun Team
Artillery Officer
IchMachDichNackich
Kagatosa
39951000
蒸汽小馒头
巍哥
MeTaLBLaDE
yunweng
kantera
0
0

Comments sign in to comment!

No comments posted yet!